Map: Bridgehead LE (Void)

Players

Coldfran - Winner!

  • Race: Terran Terran
  • League: Bronze

SticklerMac

  • Race: Zerg Zerg
  • League: Grandmaster

VOD

Have the link to the VOD?

Description

Time

  • Played on: Aug. 4, 2015, 10:36 p.m.
  • Length: 9:40
Show
View Real Time Build Order
Export as new Build Order

Coldfran Terran - Winner!

Build Orders:  

Get SALT Encoding   

  12  0:01  SCV  
  13  0:13  SCV  
  14  0:20  Supply Depot  
  14  0:25  SCV  
  15  0:32  Refinery  
  15  0:43  Barracks  
  15  0:45  SCV  
  16  0:57  SCV  
  16  1:01  Refinery  
  17  1:09  SCV  
  18  1:19  Supply Depot  
  18  1:21  SCV  
  19  1:30  Marine  
  20  1:34  SCV  
  20  1:36  Factory  
  21  1:46  SCV  
  22  1:51  Barracks Reactor  
  22  1:58  SCV  
  23  2:05  Supply Depot  
  23  2:10  SCV  
  24  2:22  SCV  
  25  2:23  Factory  
  25  2:34  Hellion x2  
  29  2:37  Barracks Tech Lab  
  29  2:39  SCV  
  30  2:50  Factory  
  31  2:51  SCV  
  31  3:02  Hellion  
  33  3:05  Barracks Reactor, SCV  
  34  3:21  Hellion, Infernal Pre-Igniter  
  34  3:25  Hellion  
  38  3:49  Supply Depot  
  38  3:55  SCV  
  39  4:00  Supply Depot  
  39  4:11  Hellion x4  
  47  4:23  Armory  
  47  4:25  SCV  
  47  4:29  Marine x2  
  50  4:32  Hellion  
  50  4:34  Hellion  
  54  5:01  Supply Depot  
  54  5:03  Supply Depot  
  54  5:12  Marine  
  55  5:23  Supply Depot, Hellion x4  
  55  5:24  Marine  
  55  5:27  Supply Depot  
  64  5:30  Marine  
  65  5:42  Marine  
  64  5:56  Hellion x3  
  64  5:57  Hellion  
  68  6:18  Hellion x2  
  72  6:28  Marine x2  
  65  6:46  Marine x2  
  34  7:01  Hellion  
  34  7:02  Hellion  
  34  7:03  Hellion  
  34  7:05  Hellion  
Show
View Real Time Build Order
Export as new Build Order

SticklerMac Zerg 

Build Orders: Hatch First 

Get SALT Encoding   

  12  0:00  Drone  
  13  0:08  Drone  
  14  0:17  Overlord  
  14  0:35  Drone x3  
  17  0:52  Hatchery  
  17  0:55  Drone  
  17  0:58  Drone  
  18  1:08  Drone  
  19  1:15  Spawning Pool  
  18  1:19  Drone  
  19  1:27  Extractor  
  19  1:30  Drone  
  19  1:43  Drone  
  20  1:51  Drone  
  21  2:03  Queen  
  21  2:05  Queen  
  21  2:06  Drone x2  
  27  2:14  Overlord  
  27  2:17  Zergling x2  
  28  2:24  Drone, Extractor  
  28  2:33  Metabolic Boost  
  28  2:38  Drone  
  28  2:39  Queen  
  28  2:41  Queen  
  33  2:48  Drone x3  
  36  2:54  Overlord  
  36  3:01  Overlord  
  36  3:12  Drone  
  37  3:13  Drone  
  37  3:15  Lair  
  38  3:24  Zergling x8  
  38  3:25  Zergling x2  
  43  3:28  Drone  
  43  3:30  Drone  
  43  3:33  Drone  
  46  3:43  Zergling x8  
  50  3:48  Baneling Nest  
  49  4:12  Zergling x2  
  49  4:13  Zergling x4  
  52  4:20  Overlord x2  
  52  4:21  Overlord x2  
  52  4:22  Overlord x2  
  52  4:32  Spire  
  51  4:38  Nydus Network  
  51  4:44  Zergling x2  
  51  4:45  Zergling x8  
  55  4:49  Drone  
  55  4:50  Drone  
  55  4:52  Drone  
  58  4:55  Drone  
  58  4:58  Baneling  
  58  4:59  Baneling x3  
  59  5:00  Baneling  
  59  5:01  Baneling x2  
  59  5:03  Baneling  
  59  5:17  Zergling x14  
  65  5:31  Zergling x10  
  65  5:32  Zergling x4  
  67  5:54  Nydus Canal  
  58  5:59  Zergling x2  
  58  6:00  Zergling x12  
  25  7:13  Hatchery  
  23  8:34  Spawning Pool  
  22  9:10  Drone x2  
  22  9:11  Drone  
Tags
 
Add a new tag
Caveats
  • Supply blocks, unpowered buildings, or Contaminate may cause inaccurate times.
  • Supply counts are checked every 10 seconds.